 Dungeon Crawl Stone Soup version 0.29-a0-813-g4a14ea37d6 (webtiles) character file.

Game seed: 9392061876323148900

561685 scionoferis the Sorcerer (level 25, -29/167 HPs)
             Began as a Deep Elf Conjurer on July 1, 2022.
             Was a High Priest of Vehumet.
             Killed from afar by a quicksilver dragon (31 damage)
             ... with a bolt of dispelling energy
             ... on level 4 of the Vaults on July 4, 2022.
             The game lasted 13:30:33 (119554 turns).

scionoferis the Sorcerer (Deep Elf Conjurer)      Turns: 119554, Time: 13:30:34

Health: -29/167    AC: 28    Str: 10 (13) XL:     25   Next: 86%
Magic:  7/53       EV: 22    Int: 35      God:    Vehumet [*****.]
Gold:   5912       SH:  8    Dex: 13 (22) Spells: 3/72 levels left

rFire   + + +      SeeInvis .   U - +7 hand axe "Quubav" {elec, rElec Int+4}
rCold   . . .      Faith    .   V - +1 buckler {rF+}
rNeg    + . .      Spirit   .   T - +5 steam dragon scales
rPois   +          Reflect  .   M - +4 helmet of Nihut {rF++ Will+}
rElec   +          Harm     .   b - +2 cloak {Stlth+}
rCorr   .          Rampage  .   W - +2 pair of gloves
Will    ++++.                   v - +2 pair of boots
Stlth   ++++......              d - amulet of Utokeu {RegenMP Drain Will+ Dex+3 Stlth+}
HPRegen 0.37/turn               m - +4 ring of evasion
MPRegen 0.73/turn               y - ring of Noaplati {rPois rN+ Str+6 Dex+2}

@: very slightly contaminated, slowed, very slow
A: iridescent scales 1, agile 1, robust 1
}: 2/15 runes: decaying, gossamer
a: Renounce Religion


You were on level 4 of the Vaults.
You worshipped Vehumet.
Vehumet was extremely pleased with you.
You visited 12 branches of the dungeon, and saw 52 of its levels.
You visited the Abyss 1 time.
You visited 1 bazaar.
You also visited: Sewer, Bailey, Ice Cave and Wizlab.

You collected 9045 gold pieces.
You spent 3133 gold pieces at shops.

Inventory:

Hand Weapons
 a - the +4 dagger "Morg" {pain, Will+ Int+5}
   (You found it on level 4 of the Dungeon)

   In the hands of one skilled in necromantic magic, it inflicts extra damage on
   living creatures.
   Int:       It affects your intelligence (+5).
   Will:      It increases your willpower.
 t - the +6 war axe of Equilibrium {antimagic, +Blink Str+2 Int+5 Dex-4}
   (You took it off a deep elf sorcerer on level 3 of the Elven Halls)

   It reduces the magical energy of the wielder, and disrupts the spells and
   magical abilities of those it strikes.
   Natural abilities and divine invocations are not affected.
   Str:       It affects your strength (+2).
   Int:       It affects your intelligence (+5).
   Dex:       It affects your dexterity (-4).
   +Blink:    It lets you blink.
 D - the +6 whip "Remnot" {protect, rN++ Dex+4}
   (You found it on level 10 of the Dungeon)

   It grants its wielder temporary protection when it strikes (+7 to AC).
   Dex:       It affects your dexterity (+4).
   rN:        It greatly protects you from negative energy.
 U - the +7 hand axe "Quubav" (weapon) {elec, rElec Int+4}
   (You took it off a deep elf elementalist on level 3 of the Elven Halls)

   It occasionally discharges a powerful burst of electricity upon striking a
   foe.
   Int:       It affects your intelligence (+4).
   rElec:     It insulates you from electricity.
Missiles
 r - 81 poisoned darts
Armour
 b - a +2 cloak of stealth (worn)
 k - the +2 helmet of the Sun {rElec rCorr Str-2 Dex+8}
   (You found it on level 2 of the Depths)

   Str:       It affects your strength (-2).
   Dex:       It affects your dexterity (+8).
   rElec:     It insulates you from electricity.
   rCorr:     It protects you from acid and corrosion.
 v - a +2 pair of boots (worn)
 M - the +4 helmet of Nihut (worn) {rF++ Will+}
   (You acquired it on level 5 of the Lair of Beasts)

   rF:        It greatly protects you from fire.
   Will:      It increases your willpower.
 T - +5 steam dragon scales (worn)
 V - a +1 buckler of fire resistance (worn)
 W - a +2 pair of gloves (worn)
Jewellery
 d - the amulet of Utokeu (around neck) {RegenMP Drain Will+ Dex+3 Stlth+}
   (You bought it in a shop on level 14 of the Dungeon)

   [amulet of magic regeneration]

   It increases your rate of magic regeneration.
   Dex:       It affects your dexterity (+3).
   Drain:     It drains your maximum health when unequipped.
   Will:      It increases your willpower.
   Stlth:     It makes you more stealthy.
 m - a +4 ring of evasion (left hand)
 n - a ring of flight
 w - a ring of protection from cold
 y - the ring of Noaplati (right hand) {rPois rN+ Str+6 Dex+2}
   (You took it off a deep elf sorcerer on level 3 of the Elven Halls)

   [ring of strength]

   Str:       It affects your strength (+6).
   Dex:       It affects your dexterity (+2).
   rPois:     It protects you from poison.
   rN:        It protects you from negative energy.
 C - a +4 ring of evasion
 E - a ring of see invisible
 N - the ring "Nere" {rN+ rCorr}
   (You found it on level 3 of the Crypt)

   [ring of positive energy]

   rN:        It protects you from negative energy.
   rCorr:     It protects you from acid and corrosion.
Wands
 h - a wand of digging (14)
 z - a wand of acid (40)
 L - a wand of iceblast (58)
Scrolls
 i - 7 scrolls of magic mapping
 p - 5 scrolls of blinking
 x - 17 scrolls of fog
 F - 3 scrolls of summoning
 J - 16 scrolls of teleportation
Potions
 c - 6 potions of magic
 e - 20 potions of heal wounds
 j - 30 potions of curing
 l - 11 potions of brilliance
 A - 7 potions of haste
 I - 4 potions of resistance
 Q - 4 potions of cancellation
 Y - 5 potions of invisibility
Miscellaneous
 g - a phial of floods
 K - a lightning rod (4/4)
 R - a phantom mirror (quivered)


   Skills:
 + Level 13.8 Fighting
 - Level 5.0 Armour
 - Level 15.0 Dodging
 - Level 4.0 Stealth
 - Level 13.0 Shields
 + Level 24.3 Spellcasting
 + Level 19.2 Conjurations
 - Level 10.0 Hexes
 - Level 20.0 Necromancy
 - Level 5.0 Translocations
 - Level 18.0 Transmutations
 + Level 15.3 Ice Magic
 - Level 5.0 Air Magic
 * Level 19.8 Earth Magic
 - Level 6.0 Evocations


You had 3 spell levels left.
You knew the following spells:

 Your Spells              Type           Power      Damage    Failure   Level
a - Apportation           Tloc           100%       N/A       1%          1
b - Searing Ray           Conj           100%       2d8       0%          2
c - Necromutation         Tmut/Necr      54%        N/A       1%          8
d - Vampiric Draining     Necr           100%       2d13      0%          3
e - Ozocubu's Armour      Ice            100%       N/A       0%          3
f - Iskenderun's Mystic   Conj/Tloc      91%        2d18      1%          4
g - Passwall              Tmut/Erth      90%        N/A       0%          2
h - Shatter               Erth           55%        3d41*     5%          9
i - Iron Shot             Conj/Erth      55%        9d10      1%          6
j - Lehudib's Crystal Sp  Conj/Erth      55%        10d13     1%          8
k - Sublimation of Blood  Necr           100%       N/A       0%          2
l - Dispel Undead         Necr           100%       3d31      0%          4
m - Freezing Cloud        Conj/Ice/Air   47%        6-21      1%          5
n - Blink                 Tloc           100%       N/A       1%          2
p - Fulminant Prism       Conj/Hex       49%        3d21      0%          4
v - Borgnjor's Vile Clut  Necr/Erth      55%        N/A       0%          5
z - Magic Dart            Conj           100%       1d8       0%          1

Your spell library contained the following spells:

 Spells                   Type           Power      Damage    Failure   Level
 Flame Wave               Conj/Fire      83%        2d14      1%          4
 Beastly Appendage        Tmut           100%       N/A       0%          1
 Freeze                   Ice            100%       1d11      0%          1
 Necrotise                Necr           100%       1d9       0%          1
 Sandblast                Erth           100%       2d20      0%          1
 Shock                    Conj/Air       100%       1d9       0%          1
 Sting                    Tmut/Pois      100%       1d8       0%          1
 Ensorcelled Hibernation  Hex/Ice        100%       N/A       0%          2
 Static Discharge         Conj/Air       91%        3-15/arc  0%          2
 Wereblood                Tmut           100%       N/A       0%          2
 Dazzling Flash           Conj/Hex       100%       N/A       0%          3
 Frozen Ramparts          Ice            100%       1d12      0%          3
 Stone Arrow              Conj/Erth      100%       3d13      0%          3
 Summon Small Mammal      Summ           100%       N/A       1%          1
 Poisonous Vapours        Pois/Air       100%       N/A       1%          2
 Call Canine Familiar     Summ           42%        N/A       1%          3
 Conjure Flame            Conj/Fire      83%        6-21      1%          3
 Gell's Gravitas          Tloc           67%        N/A       1%          3
 Ignite Poison            Fire/Tmut/Pois 71%        N/A       1%          3
 Lesser Beckoning         Tloc           67%        N/A       1%          3
 Mephitic Cloud           Conj/Pois/Air  78%        N/A       1%          3
 Portal Projectile        Hex/Tloc       100%       N/A       1%          3
 Spider Form              Tmut/Pois      81%        N/A       1%          3
 Summon Guardian Golem    Hex/Summ       67%        N/A       1%          3
 Swiftness                Air            67%        N/A       1%          3
 Teleport Other           Tloc           67%        N/A       1%          3
 Animate Dead             Necr           100%       N/A       0%          4
 Hailstorm                Conj/Ice       100%       3d20      0%          4
 Ice Form                 Ice/Tmut       100%       N/A       0%          4
 Leda's Liquefaction      Hex/Erth       49%        N/A       0%          4
 Agony                    Necr           100%       N/A       0%          5
 Blade Hands              Tmut           53%        N/A       0%          5
 Iskenderun's Battlesphe  Conj           100%       2d15      0%          5
 Lee's Rapid Deconstruct  Erth           55%        3d27*     0%          5
 Airstrike                Air            33%        0-11+     1%          4
 Animate Armour           Summ/Erth      100%       N/A       1%          4
 Cause Fear               Hex            42%        N/A       1%          4
 Corpse Rot               Necr/Pois/Air  79%        N/A       1%          4
 Sticky Flame             Conj/Fire      83%        2d9       1%          4
 Summon Ice Beast         Ice/Summ       77%        N/A       1%          4
 Alistair's Intoxication  Tmut/Pois      54%        N/A       1%          5
 Fireball                 Conj/Fire      41%        3d17      1%          5
 Metabolic Englaciation   Hex/Ice        46%        N/A       1%          5
 Conjure Ball Lightning   Conj/Air       45%        3x3d16    1%          6
 Eringya's Noxious Bog    Tmut/Pois      40%        N/A       1%          6
 Simulacrum               Ice/Necr       52%        N/A       1%          6
 Starburst                Conj/Fire      41%        6d12      1%          6
 Statue Form              Tmut/Erth      72%        N/A       1%          6
 Dragon Form              Tmut           53%        N/A       1%          7
 Orb of Destruction       Conj           54%        9d14      1%          7
 Ozocubu's Refrigeration  Ice            50%        4d15      1%          7
 Borgnjor's Revivificati  Necr           55%        N/A       1%          8
 Infestation              Necr           55%        N/A       1%          8
 Manifold Assault         Tloc           67%        N/A       2%          5
 Summon Mana Viper        Hex/Summ       67%        N/A       2%          5
 Spellforged Servitor     Conj/Summ      41%        N/A       3%          7
 Storm Form               Tmut/Air       44%        N/A       4%          7
 Summon Forest            Summ/Tloc      28%        N/A       6%          5
 Haunt                    Necr/Summ      42%        N/A       9%          7
 Dispersal                Tloc           33%        N/A       13%         6
 Death's Door             Necr           55%        N/A       19%         9
 Discord                  Hex            42%        N/A       56%         8
 Malign Gateway           Summ/Tloc      28%        N/A       89%         7
 Monstrous Menagerie      Summ           21%        N/A       99%         7
 Summon Hydra             Summ           21%        N/A       99%         7
 Disjunction              Tloc           33%        N/A       99%         8
 Ignition                 Fire           21%        3d8       100%        8
 Summon Horrible Things   Summ           21%        N/A       100%        8
 Dragon's Call            Summ           21%        N/A       100%        9


Dungeon Overview and Level Annotations

Branches:
Dungeon (15/15)            Temple (1/1) D:6            Lair (6/6) D:10
  Swamp (4/4) Lair:4       Spider (4/4) Lair:4        Slime (4/5) Lair:5
    Orc (2/2) D:9             Elf (3/3) Orc:2        Vaults (5/5) D:14
  Crypt (3/3) Vaults:3       Tomb (1/3) Crypt:3      Depths (4/4) D:15
    Zot (0/5) Depths:4      Sewer (visited)          Bailey (visited)
  IceCv (visited)          WizLab (visited)

Altars:
Ashenzari
Cheibriados
Dithmenos
Elyvilon
Fedhas
Gozag
Hepliaklqana
Kikubaaqudgha
Makhleb
Nemelex Xobeh
Okawaru
Qazlal
Ru
Sif Muna
Trog
Uskayaw
Vehumet
Wu Jian
Xom
Yredelemnul
Zin
The Shining One
Ignis

Shops:
D:9 :   D:14 :=   Orc:2 **[:(   Elf:2 *[

Portals:
Hell: Depths:1 Depths:2 Depths:3 Depths:4
Abyss: Depths:3 Depths:4
Pandemonium: Depths:1 Depths:2
Ziggurat: Depths:1


Innate Abilities, Weirdness & Mutations

You are partially covered in iridescent scales. (AC +2)
You are agile. (Dex +4, Str/Int -1)
You are robust. (+10% HP)


Message History

The golden dragon breathes cold at you. The bolt of cold hits you!!!
* * * LOW HITPOINT WARNING * * *
Something barely misses you.
The quicksilver dragon breathes dispelling energy at you.
The bolt of dispelling energy misses you.
Casting: Iskenderun's Mystic Blast (safe; 1% risk of failure)
Confirm with . or Enter, or press ? or * to list all spells.
You erupt in a blast of force!
The mystic blast hits the golden dragon.
The golden dragon is almost dead.
The golden dragon is knocked back by the mystic blast.
The golden dragon slams into the metal wall!
The mystic blast hits the quicksilver dragon!
The quicksilver dragon is heavily wounded.
The quicksilver dragon is knocked back by the mystic blast.
The quicksilver dragon slams into the metal wall!
The quicksilver dragon is severely wounded.
The mystic blast hits something!
The mystic blast hits the tengu reaver!!
The tengu reaver is severely wounded.
The tengu reaver is knocked back by the mystic blast.
The tengu reaver slams into the metal wall!
The tengu reaver is almost dead.
The quicksilver dragon bites you but does no damage.
The quicksilver dragon claws you but does no damage.
The golden dragon bites you!
* * * LOW HITPOINT WARNING * * *
The golden dragon completely misses you.
You block the golden dragon's attack. You block the tengu reaver's attack.
The tengu reaver pecks you but does no damage.
The tengu reaver misses you. Something hits you!
* * * LOW HITPOINT WARNING * * *
Something drains your vigour!
You feel as though you will be slow longer.
Deactivating autopickup; reactivate with Ctrl-A.
The quicksilver dragon breathes dispelling energy at you.
The bolt of dispelling energy hits you!!
Your magical effects are unravelling.
You die...

...#......#.......########...#.##
...####'###....#..##.........+...
..........#...#...##.........#..#
..........#..#....##.........#..#
..........#.#.[...##.........'...
..........#......)##..#####+##...
..........###[######..#......#..#
...........#.[.Q.D#...#......+...
...........#....@D#...#......#...
...........#......#...#......#...
...........#......#...#......#...
...........#......#...#......####
...........#......#...#......#...
...........#####'##...'......#...
......................########...
.................................
.................................


You could see a golden dragon (catching breath), a quicksilver dragon (catching
breath) and a tengu reaver.

Vanquished Creatures
  Khufu (Crypt:3)
  An ancient lich (Crypt:3)
  A juggernaut (Depths:2)
  Sojobo (Vaults:5)
  3 royal mummies
  Frederick (Depths:4)
  Bai Suzhen (Swamp:4)
  The ghost of howech the Severer, a veteran MiGl of the Shining One (Vaults:4)
  A caustic shrike (Depths:2)
  The ghost of Goawkus the Spry, a veteran MeMo of the Shining One (D:12)
  4 golden dragons
  A pearl dragon (Depths:1)
  2 bone dragons (Abyss:2)
  A profane servitor (Abyss:2)
  The ghost of contendunt the Acrobat, an adept MiFi of Okawaru (Swamp:2)
  3 tentacled monstrosities
  An Ice Fiend (Depths:3)
  A quicksilver dragon (shapeshifter) (Vaults:2)
  A moon troll (WizLab)
  5 liches
  A quicksilver dragon (WizLab)
  2 deep elf master archers (Elf:3)
  2 deep elf blademasters (Elf:3)
  A walking divine tome (Depths:2)
  A titan (Depths:2)
  The ghost of Efairey the Warrior, an adept DsGl of Ashenzari (Swamp:2)
  5 ancient champions
  8 acid blobs
  12 sphinxes
  17 tentacled starspawn
  2 thorn hunters
  Frances (D:12)
  8 tengu reavers
  2 storm dragons (Depths:4)
  The ghost of Xonepos the Protected, an adept MiFi of Yredelemnul (Swamp:2)
  3 shadow dragons
  5 rockslimes
  7 fire giants
  4 azure jellies
  7 revenants
  The ghost of Juvaocw the Spry, an adept DjGl of Gozag (Swamp:2)
  The ghost of Ozxa the Eclecticist, an adept DjCA of Ignis (Swamp:2)
  5 orc warlords
  4 deep elf sorcerers
  17 frost giants
  A draconian knight (Depths:4)
  An iron dragon (Depths:2)
  2 fenstrider witches (Swamp:3)
  2 cacodemons
  2 emperor scorpions (Spider:4)
  A caustic shrike zombie (Crypt:2)
  Aizul (Vaults:1)
  2 curse skulls
  9 vault wardens
  13 ghouls
  4 ghost moths
  2 reapers
  3 deep elf elementalists (Elf:3)
  3 quicksilver oozes
  2 balrugs
  27 stone giants
  A draconian stormcaller (Depths:4)
  A juggernaut skeleton (Depths:2)
  6 ironbound thunderhulks
  3 broodmothers
  2 spriggan defenders (Depths:4)
  19 ironbound preservers
  An ophan (Depths:1)
  6 war gargoyles
  29 very ugly things
  9 vampire knights
  A lorocyproca (Abyss:2)
  7 eleionomae
  6 deep elf demonologists
  8 dire elephants (Vaults:2)
  An apis (Depths:1)
  2 bennus (Tomb:1)
  7 deep elf annihilators
  A red draconian (Depths:4)
  10 spark wasps
  A purple draconian (Depths:4)
  A white draconian (Depths:4)
  6 entropy weavers
  8 bunyips
  3 eidola
  A crystal guardian (WizLab)
  A green death (Abyss:2)
  5 deep elf death magi
  A fire dragon (shapeshifter) (Vaults:2)
  10 fire dragons
  A merfolk impaler (Depths:4)
  11 mummy priests (Tomb:1)
  Snorg (Lair:3)
  13 ettins
  3 shambling mangroves (Swamp:4)
  17 jiangshi
  4 spriggan zombies
  Fannar (Lair:3)
  14 great orbs of eyes
  A quicksilver dragon zombie (Abyss:1)
  33 vault guards
  6 yaktaur captains
  8 boulder beetles
  12 rakshasas
  12 ice dragons
  3 jorogumos
  2 hell beasts (Depths:2)
  27 hydras
  A quicksilver dragon skeleton (Crypt:1)
  5 spriggan air magi
  3 deep elf high priests
  A ghost crab (Swamp:3)
  5 caustic shrike simulacra (IceCv)
  The ghost of zhov the Slicer, a journeyman VSFi of Okawaru (D:10)
  4 catoblepae
  A juggernaut simulacrum (Abyss:1)
  2 radroaches
  4 ironbound frosthearts
  18 centaur warriors
  12 tengu warriors
  3 death knights
  8 death yaks
  22 dancing weapons
  6 death scarabs (Tomb:1)
  9 alligators
  5 two-headed ogres
  9 vampire magi
  6 deep troll shamans
  12 spriggan berserkers
  A shock serpent (shapeshifter) (Elf:1)
  3 deep troll earth magi
  4 hell hogs (Abyss:1)
  3 orc high priests (Orc:2)
  The ghost of Wiilli the Nimble, a journeyman SpVM of Vehumet (Orc:1)
  7 thrashing horrors
  Nergalle (D:12)
  20 deep elf knights
  4 sun demons
  23 spriggans
  Amaemon (Lair:1)
  11 hell knights
  4 soul eaters
  A titan skeleton (Crypt:3)
  Sonja (Lair:2)
  8 wretched stars
  A sixfirhy (Abyss:2)
  A death drake (Swamp:3)
  4 pharaoh ants (Spider:3)
  68 deep trolls
  5 shadow wraiths
  7 glowing orange brains
  7 skeletal warriors
  A goliath frog (Swamp:3)
  A swamp dragon (shapeshifter) (Vaults:2)
  9 iron trolls
  12 flayed ghosts
  13 starcursed masses
  A sun moth (Spider:4)
  A quicksilver dragon simulacrum (Depths:2)
  5 spriggan druids
  8 bog bodies
  4 deep elf archers
  9 steelbarb worms
  A golden dragon skeleton (Depths:2)
  10 lindwurms
  10 orb spiders
  16 ironbound convokers
  A spriggan simulacrum (Crypt:2)
  19 orc knights
  11 swamp dragons
  3 orange crystal statues
  33 deep elf zephyrmancers
  5 necromancers
  16 phantasmal warriors
  6 wizards
  20 deep elf pyromancers
  2 wolf spider zombies
  A mana viper (Abyss:1)
  29 ugly things
  5 harpies (Vaults:1)
  7 cyclopes
  7 orc sorcerers
  3 shining eyes
  3 moths of wrath
  A salamander (Abyss:2)
  An oklob plant (Lair:5)
  5 will-o-the-wisps
  21 wolf spiders
  2 manticores (Lair:6)
  A goliath frog skeleton (Crypt:1)
  A worldbinder (Abyss:2)
  5 black mambas
  A black mamba (shapeshifter) (D:12)
  10 smoke demons
  8 elephants
  An elf zombie (Vaults:2)
  An apocalypse crab (Abyss:1)
  A guardian serpent (Abyss:2)
  2 naga zombies (Crypt:3)
  A stone giant skeleton (Crypt:1)
  9 cane toads
  A water nymph (shapeshifter) (Depths:4)
  5 centaur zombies
  4 torpor snails
  An orange demon (Lair:1)
  A naga mage (Abyss:2)
  A cane toad (shapeshifter) (D:14)
  17 vault sentinels
  5 gargoyles
  A rust devil (Abyss:1)
  6 eyes of devastation
  3 centaur skeletons
  A pale draconian zombie (Crypt:1)
  8 rime drakes
  9 freezing wraiths
  A yaktaur (shapeshifter) (Elf:2)
  6 unseen horrors (Elf:2)
  A tormentor (Abyss:1)
  5 demonic crawlers
  4 red devils (Crypt:3)
  21 yaktaurs
  4 hellwings
  An unseen horror skeleton (Crypt:1)
  10 komodo dragons
  3 golden dragon simulacra
  2 anaconda simulacra (IceCv)
  4 guardian mummies (Tomb:1)
  9 tengu conjurers
  3 meliai
  3 ancient zymes
  10 trolls
  A harpy zombie (Abyss:1)
  A white draconian skeleton (Crypt:2)
  2 bloated husks
  23 tarantellas
  A harpy skeleton (Crypt:2)
  64 slime creatures
  27 hornets
  4 polar bears
  15 blink frogs
  A frost giant simulacrum (Depths:2)
  Grinder (D:3)
  10 tyrant leeches
  2 dream sheep (Lair:2)
  An ettin zombie (Vaults:2)
  11 raiju
  A human simulacrum (Vaults:3)
  17 jumping spiders
  4 flying skulls (Tomb:1)
  A great orb of eyes zombie (Crypt:2)
  10 shadows
  An ettin skeleton (Abyss:2)
  A spriggan (shapeshifter) (D:15)
  A wind drake zombie (Crypt:1)
  18 wraiths
  A black mamba zombie (Abyss:2)
  6 ynoxinuls (Abyss:2)
  55 yaks
  2 air elementals
  17 vampires
  A black mamba skeleton (Crypt:1)
  23 culicivoras
  2 fire elementals
  4 wyverns
  2 humans (D:14)
  5 basilisks
  A fire bat (Abyss:1)
  2 water elementals
  2 ushabtiu (Tomb:1)
  13 large abominations
  23 golden eyes
  9 neqoxecs
  37 redbacks
  2 steam dragons
  2 chaos spawn (Abyss:2)
  13 vampire mosquitoes
  4 wargs
  2 harpy simulacra (IceCv)
  16 swamp worms
  Edmund (D:4)
  An acid dragon (D:12)
  A naga (Abyss:2)
  A glowing shapeshifter zombie (Vaults:2)
  15 water moccasins
  5 hell hounds (Abyss:2)
  A two-headed ogre skeleton (Crypt:1)
  A deep troll skeleton (Crypt:1)
  41 orc warriors
  4 naga skeletons
  7 swamp drakes
  3 hydra simulacra (IceCv)
  3 ice beasts
  A sky beast (D:8)
  A glowing shapeshifter skeleton (Vaults:2)
  3 ogres
  6 black bears
  2 alligator simulacra (IceCv)
  9 wolves
  4 boggarts
  An elephant skeleton (Crypt:1)
  10 centaurs
  A human zombie (Vaults:2)
  11 kobold brigands
  13 bullfrogs
  An earth elemental (Elf:2)
  5 necrophages
  An elf skeleton (Crypt:2)
  2 gnoll sergeants
  5 scorpions
  26 wights
  7 killer bees
  2 lindwurm simulacra (IceCv)
  5 howler monkeys
  6 jellies
  3 electric eels
  A polar bear skeleton (Crypt:2)
  A crimson imp (Abyss:2)
  3 quasits (Abyss:1)
  Crazy Yiuf (D:5)
  A black bear skeleton (Crypt:2)
  14 orc priests
  10 hounds
  A bullfrog skeleton (Crypt:1)
  2 gnoll boudas
  Ijyb (D:3)
  6 hell rats (Lair:6)
  Natasha (thrice) (D:4)
  A boggart zombie (D:12)
  5 iguanas
  31 orc wizards
  A scorpion zombie (D:4)
  16 small abominations
  A spectral hound (D:4)
  A hound skeleton (D:4)
  16 mummies
  A howler monkey zombie (D:4)
  15 gnolls
  10 adders
  4 river rats
  2 shadow imps
  2 white imps
  8 ufetubi
  A spectral adder (D:4)
  An adder zombie (D:4)
  4 dart slugs
  79 orcs
  9 ball pythons
  11 endoplasms
  3 giant cockroaches
  15 goblins
  3 hobgoblins
  10 jackals
  4 quokkas
  6 bats
  14 frilled lizards
  20 kobolds
  7 rats
  A spectral kobold (D:1)
  8 briar patches (Swamp:3)
  6 starspawn tentacles
2398 creatures vanquished.

Vanquished Creatures (collateral kills)
  An elephant (Lair:5)
  A komodo dragon (Lair:5)
2 creatures vanquished.

Vanquished Creatures (others)
  An ice dragon (Depths:3)
  8 rime drakes (IceCv)
  A polar bear (IceCv)
  3 ice beasts (IceCv)
  An elephant zombie (Lair:5)
  An orc warrior (Orc:1)
  7 rime drake zombies (IceCv)
  2 polar bear zombies (IceCv)
  A quasit (Abyss:1)
  2 ice beast zombies (IceCv)
  2 orcs
  A bush (Lair:6)
  A demonic plant (WizLab)
  16 foxfires
  253 fulminant prisms
  54 fungi
  A lurking horror (Abyss:2)
  176 plants
  26 starspawn tentacles
  24 withered plants
581 creatures vanquished.

Grand Total: 2981 creatures vanquished

Notes
Turn   | Place    | Note
-------+----------+-------------------------------------------
     0 | D:1      | scionoferis the Deep Elf Conjurer began the quest for the
                  | Orb.
     0 | D:1      | Reached XP level 1. HP: 10/10 MP: 6/6
   289 | D:1      | Reached XP level 2. HP: 15/15 MP: 4/8
   292 | D:1      | Learned a level 2 spell: Searing Ray
   777 | D:1      | Found a faded altar of an unknown god.
  1272 | D:2      | Reached XP level 3. HP: 20/20 MP: 5/9
  1965 | D:3      | Noticed Ijyb
  2114 | D:3      | Noticed Grinder
  2139 | D:3      | Reached skill level 1 in Fighting
  2139 | D:3      | Reached XP level 4. HP: 25/25 MP: 6/11
  2961 | D:4      | Noticed Edmund
  2968 | D:4      | Learned a level 4 spell: Fulminant Prism
  3068 | D:4      | Learned a level 3 spell: Stone Arrow
  3127 | D:4      | Reached skill level 4 in Spellcasting
  3127 | D:4      | Reached skill level 5 in Conjurations
  3128 | D:4      | Noticed a scorpion
  3190 | D:4      | Killed a scorpion
  3191 | D:4      | Reached skill level 1 in Hexes
  3191 | D:4      | Reached skill level 1 in Earth Magic
  3191 | D:4      | Reached XP level 5. HP: 29/29 MP: 7/13
  3667 | D:4      | Found a blossoming altar of Fedhas.
  3672 | D:4      | Found a burning altar of Makhleb.
  3680 | D:4      | Found an ornate altar of the Wu Jian Council.
  3685 | D:4      | Reached XP level 6. HP: 34/34 MP: 5/14
  4277 | D:4      | Noticed Natasha
  4463 | D:4      | Killed Natasha
  4502 | D:4      | Found the +4 dagger "Morg" {pain, Will+ Int+5}
  5004 | D:4      | Killed Edmund
  5005 | D:4      | Reached XP level 7. HP: 39/39 MP: 3/16
  5127 | D:4      | Noticed Natasha
  5137 | D:4      | Killed Natasha
  5209 | D:4      | Noticed Natasha
  5211 | D:4      | Killed Natasha
  5225 | D:5      | Entered Level 5 of the Dungeon
  5282 | D:5      | Reached skill level 5 in Spellcasting
  5406 | D:5      | Found a stormy altar of Qazlal.
  5580 | D:5      | Reached XP level 8. HP: 45/45 MP: 12/18
  5617 | D:5      | Found a glowing drain.
  5625 | Sewer    | Entered a sewer
  5821 | Sewer    | Reached skill level 5 in Hexes
  6226 | Sewer    | Reached skill level 1 in Necromancy
  6541 | D:5      | Found an opulent altar of Gozag.
  6712 | D:5      | Reached skill level 6 in Spellcasting
  6837 | D:5      | Found a hide-covered altar of Uskayaw.
  6951 | D:5      | Found a runed translucent door.
  6952 | D:5      | Noticed Crazy Yiuf
  7051 | D:5      | Noticed a gargoyle
  7062 | D:5      | Killed a gargoyle
  7063 | D:5      | Reached skill level 5 in Dodging
  7300 | D:5      | Reached skill level 7 in Spellcasting
  7523 | D:5      | Reached XP level 9. HP: 48/50 MP: 11/21
  7592 | D:5      | Learned a level 3 spell: Vampiric Draining
  7597 | D:5      | Learned a level 4 spell: Iskenderun's Mystic Blast
  8156 | D:5      | Killed Crazy Yiuf
  8355 | D:3      | Killed Ijyb
  8595 | D:3      | Killed Grinder
  8767 | D:6      | Found a staircase to the Ecumenical Temple.
  8773 | Temple   | Entered the Ecumenical Temple
  8781 | Temple   | Became a worshipper of Kikubaaqudgha
  8848 | D:6      | Reached skill level 1 in Translocations
  8909 | D:6      | Reached skill level 1 in Armour
  9673 | D:6      | Reached skill level 8 in Spellcasting
  9673 | D:6      | Reached skill level 5 in Earth Magic
 10164 | D:6      | Learned a level 2 spell: Passwall
 10218 | D:5      | Identified the +0 dagger "Pendulum" {holy, rF+ Str+3}
 10412 | D:7      | Reached XP level 10. HP: 56/56 MP: 16/24
 10705 | D:7      | Reached * piety under Kikubaaqudgha
 10705 | D:7      | Received a gift from Kikubaaqudgha
 10935 | D:7      | Found a flagged portal.
 10960 | D:7      | Learned a level 4 spell: Animate Dead
 10961 | Bailey   | Entered a bailey
 11336 | Bailey   | Noticed an orc knight
 11604 | Bailey   | Killed an orc knight
 11814 | Bailey   | Found a bloodstained altar of Trog.
 11835 | Bailey   | Learned a level 1 spell: Apportation
 12255 | D:7      | You fall into a shaft and drop 3 floors!
 12255 | D:10     | Entered Level 10 of the Dungeon
 12255 | D:10     | Found a shadowy altar of Dithmenos.
 12269 | D:10     | Identified the +6 whip "Remnot" {protect, rN++ Dex+4}
 12302 | D:10     | Found a large runed translucent door.
 12365 | D:10     | Reached skill level 5 in Necromancy
 13303 | D:8      | Reached ** piety under Kikubaaqudgha
 13435 | D:8      | Learned a level 2 spell: Blink
 13550 | D:8      | Reached skill level 9 in Spellcasting
 14080 | D:8      | Reached XP level 11. HP: 58/62 MP: 8/26
 14376 | D:9      | Found Voyd's Book Shop.
 14419 | D:9      | Found a glowing silver altar of Zin.
 14806 | D:9      | Found a staircase to the Orcish Mines.
 15311 | D:10     | Found a runed translucent gate.
 15311 | D:10     | Noticed a two-headed ogre
 15312 | D:10     | Found a runed translucent gate.
 15312 | D:10     | Noticed zhov's ghost (journeyman VSFi)
 15313 | D:10     | Found a runed translucent gate.
 15391 | D:10     | Found a large runed translucent door.
 15631 | D:10     | Found a staircase to the Lair.
 15930 | D:10     | Found an iron altar of Okawaru.
 15935 | D:10     | Found a hazy altar of Hepliaklqana.
 16023 | Lair:1   | Entered Level 1 of the Lair of Beasts
 16294 | Lair:1   | Noticed a four-headed hydra
 16571 | Lair:1   | Reached skill level 5 in Armour
 16839 | Lair:1   | Reached skill level 5 in Fighting
 16839 | Lair:1   | Reached skill level 1 in Evocations
 16849 | Lair:1   | Reached *** piety under Kikubaaqudgha
 16849 | Lair:1   | Received a gift from Kikubaaqudgha
 16918 | Lair:1   | Reached skill level 5 in Translocations
 17336 | Lair:1   | Noticed Amaemon
 17354 | Lair:1   | Killed Amaemon
 17617 | Lair:1   | Killed a four-headed hydra
 18081 | Lair:2   | Reached skill level 10 in Spellcasting
 18178 | Lair:2   | Reached XP level 12. HP: 66/68 MP: 12/28
 18516 | Lair:2   | Noticed Sonja
 18523 | Lair:2   | Killed Sonja
 19180 | Lair:3   | Noticed Fannar
 19190 | Lair:3   | Killed Fannar
 19514 | Lair:3   | Noticed Snorg
 19526 | Lair:3   | Killed Snorg
 19665 | Lair:2   | Learned a level 5 spell: Borgnjor's Vile Clutch
 20551 | Lair:4   | You fall into a shaft and drop 2 floors!
 20551 | Lair:6   | Entered Level 6 of the Lair of Beasts
 20910 | Lair:6   | Reached skill level 10 in Hexes
 20988 | Lair:6   | Noticed a four-headed hydra
 21008 | Lair:6   | Killed a four-headed hydra
 21009 | Lair:6   | Reached skill level 10 in Conjurations
 21234 | Lair:6   | Reached **** piety under Kikubaaqudgha
 21384 | Lair:6   | Reached skill level 11 in Spellcasting
 21757 | Lair:5   | Reached XP level 13. HP: 49/75 MP: 4/30
 21851 | Lair:6   | Reached skill level 5 in Evocations
 22683 | Lair:4   | Reached skill level 10 in Dodging
 22948 | Lair:4   | Found a staircase to the Swamp.
 23022 | Lair:4   | Found a hole to the Spider Nest.
 23374 | Lair:4   | Reached skill level 10 in Necromancy
 23377 | Lair:4   | Learned a level 2 spell: Sublimation of Blood
 24250 | Lair:5   | Found a glowing silver altar of Zin.
 24285 | Lair:5   | Identified a scroll of acquirement
 24286 | Lair:5   | Acquired the +4 helmet of Nihut {rF++ Will+}
 24595 | Lair:5   | Found a staircase to the Slime Pits.
 24616 | Lair:5   | Reached skill level 12 in Spellcasting
 25485 | Lair:6   | Reached ***** piety under Kikubaaqudgha
 27025 | Lair:6   | Reached XP level 14. HP: 82/82 MP: 18/32
 27745 | D:10     | Learned a level 4 spell: Dispel Undead
 29096 | D:12     | Reached skill level 13 in Spellcasting
 29184 | D:12     | Noticed Frances
 29845 | D:12     | Noticed Nergalle
 30025 | D:10     | Killed zhov's ghost
 30242 | Spider:1 | Entered Level 1 of the Spider Nest
 32757 | Spider:2 | Reached skill level 10 in Earth Magic
 33422 | Spider:3 | Reached ****** piety under Kikubaaqudgha
 33423 | Spider:3 | Received a gift from Kikubaaqudgha
 33438 | Spider:3 | Killed a ghost moth
 33604 | Spider:3 | Found a frozen archway.
 33695 | IceCv    | Entered an ice cave
 33704 | IceCv    | Reached skill level 14 in Spellcasting
 33704 | IceCv    | Reached XP level 15. HP: 21/89 MP: 9/35
 36335 | Spider:3 | Reached skill level 1 in Transmutations
 37481 | Spider:3 | Reached skill level 15 in Spellcasting
 37863 | Spider:4 | Entered Level 4 of the Spider Nest
 38469 | Swamp:1  | Entered Level 1 of the Swamp
 38819 | Lair:4   | Learned a level 5 spell: Freezing Cloud
 39052 | Swamp:1  | Reached skill level 1 in Ice Magic
 39052 | Swamp:1  | Reached skill level 1 in Air Magic
 40677 | Swamp:2  | Reached XP level 16. HP: 96/96 MP: 29/37
 41061 | Swamp:2  | Found a runed translucent gate.
 41063 | Swamp:2  | Found a runed translucent gate.
 41064 | Swamp:2  | Found a runed translucent gate.
 41065 | Swamp:2  | Noticed Ozxa's ghost (adept DjCA)
 41065 | Swamp:2  | Noticed Juvaocw's ghost (adept DjGl)
 41065 | Swamp:2  | Noticed Xonepos's ghost (adept MiFi)
 41065 | Swamp:2  | Noticed contendunt's ghost (adept MiFi)
 41065 | Swamp:2  | Noticed Efairey's ghost (adept DsGl)
 41754 | Swamp:3  | Reached skill level 5 in Transmutations
 43716 | Swamp:3  | Reached skill level 5 in Ice Magic
 44069 | Swamp:3  | Noticed a thorn hunter
 44079 | Swamp:3  | Killed a thorn hunter
 44797 | Swamp:4  | Entered Level 4 of the Swamp
 44801 | Swamp:4  | Reached skill level 5 in Air Magic
 45202 | Swamp:4  | Noticed a thorn hunter
 45337 | Swamp:4  | Reached skill level 16 in Spellcasting
 45530 | Swamp:4  | Killed a thorn hunter
 45872 | Swamp:4  | Noticed Bai Suzhen
 46733 | Swamp:4  | Reached XP level 17. HP: 100/100 MP: 29/39
 46901 | Swamp:4  | Got a decaying rune of Zot
 51513 | Spider:4 | Reached skill level 10 in Transmutations
 52286 | Spider:4 | Reached skill level 1 in Shields
 52649 | Spider:4 | Got a gossamer rune of Zot
 52889 | Orc:1    | Entered Level 1 of the Orcish Mines
 53343 | Orc:1    | Found a transporter.
 53344 | Orc:1    | Found a transporter.
 53390 | Orc:1    | Noticed Wiilli's ghost (journeyman SpVM)
 53392 | Orc:1    | Found a bloodstained altar of Trog.
 53935 | Orc:1    | Reached skill level 17 in Spellcasting
 54108 | Orc:2    | Entered Level 2 of the Orcish Mines
 54237 | Orc:2    | Found a staircase to the Elven Halls.
 54734 | Orc:2    | Found Emi Loe's Assorted Antiques.
 54747 | Orc:2    | Bought a blackened beryl amulet for 100 gold pieces
 56781 | Orc:2    | Found Esewior's General Store.
 56785 | Orc:2    | Found Neul's Book Boutique.
 56787 | Orc:2    | Found Wules's Antique Armour Boutique.
 56787 | Orc:2    | Found Exorhuaf's Antique Weapon Shop.
 56812 | Orc:2    | Bought an embroidered scarf for 264 gold pieces
 56813 | Orc:2    | Bought a transparent long sword for 255 gold pieces
 56813 | Orc:2    | Identified the +1 long sword of Vefeploku {vorpal, rC+}
                  | (You bought it in a shop on level 2 of the Orcish Mines)
 57176 | Swamp:2  | Killed contendunt's ghost
 57190 | Swamp:2  | Killed Xonepos's ghost
 57329 | Swamp:2  | Killed Juvaocw's ghost
 57507 | Swamp:2  | Killed Efairey's ghost
 57567 | Swamp:2  | Killed Ozxa's ghost
 57819 | D:12     | Killed Nergalle
 57923 | D:10     | Learned a level 6 spell: Iron Shot
 58074 | D:12     | Found a runed translucent door.
 58079 | D:12     | Identified the +9 spear of Hubris {spect, rPois rC++ rCorr}
 58303 | D:12     | Noticed Goawkus's ghost (veteran MeMo)
 58402 | D:12     | Killed Frances
 58575 | D:13     | Reached XP level 18. HP: 105/105 MP: 31/41
 59547 | D:14     | Found Gutyl's Tremendous Tomes.
 59844 | D:14     | Found Paqike Loi's Jewellery Emporium.
 59907 | D:14     | Found a white marble altar of Elyvilon.
 59922 | D:14     | Reached skill level 15 in Necromancy
 60888 | D:14     | Found a gate to the Vaults.
 61002 | D:15     | Entered Level 15 of the Dungeon
 61265 | D:14     | Upgraded the game from 0.29-a0-775-g4d7333d4e2 to
                  | 0.29-a0-789-g7a8fcbc185
 61524 | D:15     | Identified the +5 long sword of Ykiakhleho {vorpal, rElec
                  | rC+ Str+3}
 61726 | D:15     | Found a bloodstained altar of Trog.
 62125 | D:15     | Found a staircase to the Depths.
 62606 | Vaults:1 | Entered Level 1 of the Vaults
 62827 | Vaults:1 | Noticed Aizul
 62973 | Vaults:1 | Reached skill level 18 in Spellcasting
 63487 | Vaults:1 | Killed Aizul
 64809 | Vaults:1 | Reached skill level 5 in Shields
 65455 | Vaults:1 | Reached XP level 19. HP: 97/110 MP: 28/43
 67286 | Vaults:2 | Reached skill level 19 in Spellcasting
 67598 | Vaults:2 | Reached skill level 15 in Transmutations
 68206 | Vaults:1 | Learned a level 8 spell: Necromutation
 68603 | Vaults:2 | Noticed a caustic shrike
 68606 | Vaults:2 | a caustic shrike changed into an iron dragon
 68615 | Vaults:2 | Noticed an iron giant
 68621 | Vaults:2 | an iron giant changed into an iron dragon
 70088 | Vaults:2 | Found the +5 glaive of the Guard {elec, spectral, AC+5}
 70663 | D:12     | Killed Goawkus's ghost
 70872 | D:12     | Learned a level 3 spell: Ozocubu's Armour
 71188 | Orc:1    | Killed Wiilli's ghost
 71832 | D:10     | Gained mutation: You are somewhat resistant to further
                  | mutation. [potion of mutation]
 71832 | D:10     | Gained mutation: Your spells are a little harder to cast,
                  | but a little more powerful. [potion of mutation]
 71838 | D:10     | Lost mutation: You are somewhat resistant to further
                  | mutation. [potion of mutation]
 71838 | D:10     | Lost mutation: Your spells are a little harder to cast, but
                  | a little more powerful. [potion of mutation]
 71838 | D:10     | Gained mutation: Your mind is acute. (Int +4, Str/Dex -1)
                  | [potion of mutation]
 71838 | D:10     | Gained mutation: Potions are less effective at restoring
                  | your health. [potion of mutation]
 71839 | D:10     | Lost mutation: Your mind is acute. (Int +4, Str/Dex -1)
                  | [potion of mutation]
 71839 | D:10     | Lost mutation: Potions are less effective at restoring your
                  | health. [potion of mutation]
 71839 | D:10     | Gained mutation: You are robust. (+10% HP) [potion of
                  | mutation]
 71839 | D:10     | Gained mutation: You are agile. (Dex +4, Str/Int -1)
                  | [potion of mutation]
 71839 | D:10     | Gained mutation: You are partially covered in iridescent
                  | scales. (AC +2) [potion of mutation]
 72116 | Vaults:3 | Found a staircase to the Crypt.
 72116 | Vaults:3 | Found an ancient bone altar of Kikubaaqudgha.
 72117 | Vaults:3 | Found a basalt altar of Yredelemnul.
 72452 | Vaults:3 | Identified the +0 ring mail of Qazlal's Delight {rPois rF+
                  | Regen+}
 72760 | Vaults:3 | Reached XP level 20. HP: 101/127 MP: 45/45
 73155 | Vaults:3 | You fall into a shaft and drop 1 floor!
 76143 | Vaults:4 | Reached skill level 20 in Spellcasting
 76188 | Vaults:4 | Found a runed translucent door.
 76194 | Vaults:4 | Noticed howech's ghost (veteran MiGl)
 76254 | Vaults:4 | Killed howech's ghost
 76834 | Elf:1    | Entered Level 1 of the Elven Halls
 76908 | Elf:1    | Found a magical portal.
 76937 | WizLab   | Entered Lehudib's Moon Base
 77945 | WizLab   | Identified the +9 lajatang of Desperation {venom, rElec
                  | Dex+4}
 77964 | WizLab   | Reached skill level 15 in Conjurations
 77971 | WizLab   | Reached skill level 10 in Fighting
 78787 | WizLab   | Identified the ring "Wubaybua" {rPois Str+5}
 79067 | WizLab   | Found a transporter.
 80439 | WizLab   | Found a transporter.
 81154 | WizLab   | Got Lehudib's Papyrus of the Shifting Mountains
 81746 | Elf:1    | Reached XP level 21. HP: 134/134 MP: 29/47
 81911 | Elf:1    | Paralysed by an air elemental for 1 turns
 82779 | Elf:1    | Got Ujakydd's Handbook of Attacks
 84175 | Elf:2    | Found Nef Dod's Armour Shop.
 84632 | Elf:2    | Found Piukh's General Store.
 84637 | Elf:2    | Bought a potion of curing for 42 gold pieces
 84637 | Elf:2    | Bought a scroll of amnesia for 49 gold pieces
 84997 | Elf:2    | Acquired 1020 gold pieces
 85013 | Elf:2    | Found a runed translucent gate.
 85029 | Elf:2    | Found a runed translucent gate.
 85029 | Elf:2    | Found a runed translucent gate.
 85853 | Elf:2    | Reached skill level 15 in Dodging
 87030 | Elf:2    | Upgraded the game from 0.29-a0-789-g7a8fcbc185 to
                  | 0.29-a0-802-g34511f41fd
 87045 | Elf:3    | Entered Level 3 of the Elven Halls
 87236 | Elf:3    | Found a flickering gateway to a bazaar.
 87246 | Bazaar   | Entered a bazaar
 87246 | Bazaar   | Found Utigae's Jewellery Shop.
 87246 | Bazaar   | Found Buaczoa's General Store.
 87246 | Bazaar   | Found Cyfimearr's Book Boutique.
 87246 | Bazaar   | Found Ytism's Assorted Antiques.
 87246 | Bazaar   | Found Icrya's Distillery.
 87306 | Bazaar   | Bought a potion of curing for 48 gold pieces
 87306 | Bazaar   | Bought a potion of mutation for 128 gold pieces
 87306 | Bazaar   | Bought a scroll of teleportation for 48 gold pieces
 87308 | Bazaar   | Bought a ring of flight for 210 gold pieces
 87310 | Bazaar   | Bought 2 potions of curing for 72 gold pieces
 87312 | Bazaar   | Bought a potion of mutation for 104 gold pieces
 87312 | Bazaar   | Bought a potion of mutation for 104 gold pieces
 87318 | Bazaar   | Bought a manual of Shields for 880 gold pieces
 88152 | Elf:3    | Reached skill level 15 in Earth Magic
 88319 | Elf:3    | Identified the +7 spear of Judgement {vorpal, Dex+2}
 88603 | Elf:3    | Reached skill level 21 in Spellcasting
 89133 | Elf:3    | Identified the +12 war axe "Imp's Curse" {vorpal, *Rage
                  | rCorr Str-4 Stlth+}
 89135 | Elf:3    | Identified the +6 war axe of Equilibrium {antimagic, +Blink
                  | Str+2 Int+5 Dex-4}
 89135 | Elf:3    | Identified the ring of Noaplati {rPois rN+ Str+6 Dex+2}
 89575 | Elf:3    | Identified the +6 glaive "Giapriss" {vorpal, Will+ Dex+3}
 89658 | Elf:3    | Identified the +7 hand axe "Quubav" {elec, rElec Int+4}
 89783 | Elf:3    | Identified the +1 scimitar of the Forsaken Blessings
                  | {antimagic, rC+ rCorr}
 90596 | Elf:3    | Identified the +1 cloak of Duonecs {rCorr Str+4}
 91704 | D:14     | Bought the amulet of Utokeu {RegenMP Drain Will+ Dex+3
                  | Stlth+} for 829 gold pieces
 92123 | Swamp:4  | Killed Bai Suzhen
 92308 | Slime:1  | Entered Level 1 of the Pits of Slime
 92832 | Slime:1  | Reached XP level 22. HP: 140/140 MP: 42/49
 95480 | Crypt:1  | Entered Level 1 of the Crypt
 96183 | Crypt:1  | You fall into a shaft and drop 1 floor!
 96760 | Crypt:1  | Found a basalt altar of Yredelemnul.
 98769 | Crypt:3  | Entered Level 3 of the Crypt
 99307 | Crypt:3  | Upgraded the game from 0.29-a0-802-g34511f41fd to
                  | 0.29-a0-813-g4a14ea37d6
 99476 | Crypt:3  | Found a staircase to the Tomb.
 99753 | Crypt:3  | Reached XP level 23. HP: 139/148 MP: 39/50
100237 | Crypt:3  | Noticed a royal mummy
100238 | Crypt:3  | Noticed Khufu
100367 | Crypt:3  | Reached skill level 22 in Spellcasting
100369 | Crypt:3  | Reached skill level 10 in Ice Magic
100509 | Crypt:3  | Identified the amulet "Woangif" {Will- Regen+ Dex+6}
100509 | Crypt:3  | Identified the ring of the Evening {rN+ Str+2}
100509 | Crypt:3  | Identified the ring "Nere" {rN+ rCorr}
100954 | Crypt:3  | Identified the +3 scale mail of the Unseen Realm {rCorr}
101249 | Crypt:3  | Found an ancient bone altar of Kikubaaqudgha.
101324 | Crypt:3  | Noticed an ancient lich
101332 | Crypt:3  | Killed an ancient lich
101475 | Crypt:3  | Noticed a royal mummy
101534 | Crypt:3  | Killed Khufu
101577 | Crypt:3  | Killed a royal mummy
101809 | Crypt:3  | Killed a royal mummy
102473 | Depths:1 | Entered Level 1 of the Depths
103072 | Depths:1 | Found a one-way gate leading to the halls of Pandemonium.
103258 | Depths:1 | Found a glowing silver altar of Zin.
103258 | Depths:1 | Found a white marble altar of Elyvilon.
103258 | Depths:1 | Found a glowing golden altar of the Shining One.
103378 | Depths:1 | Found a one-way gateway to a ziggurat.
103408 | Depths:1 | Acquired 532 gold pieces
103417 | Depths:1 | Found a shimmering altar of Xom.
103431 | Depths:1 | Found a shimmering altar of Xom.
103432 | Depths:1 | Found a shimmering altar of Xom.
103596 | Depths:1 | Found a gateway to Hell.
104483 | Depths:2 | Identified the +2 helmet of the Sun {rElec rCorr Str-2
                  | Dex+8}
106182 | Depths:2 | Noticed a caustic shrike
106185 | Depths:2 | Killed a caustic shrike
106186 | Depths:2 | Reached skill level 10 in Shields
106612 | Depths:2 | Identified the +7 spear "Adghoke" {venom, *Corrode rElec
                  | Str-5 Dex+8}
106737 | Depths:2 | Got Mimaes's Almanac of Toxins and Changing
107023 | Depths:2 | Reached XP level 24. HP: 156/156 MP: 42/51
107250 | Depths:2 | Noticed a juggernaut
107257 | Depths:2 | Killed a juggernaut
108678 | Depths:3 | Found an iron altar of Okawaru.
108942 | Depths:3 | Reached skill level 23 in Spellcasting
109243 | Depths:3 | Found a one-way gate to the infinite horrors of the Abyss.
110526 | Temple   | Fell from the grace of Kikubaaqudgha
110526 | Temple   | Became a worshipper of Vehumet
110827 | Depths:1 | Lost strength.
110902 | Depths:4 | Entered Level 4 of the Depths
111104 | Depths:4 | Found an ancient bone altar of Kikubaaqudgha.
111694 | Depths:4 | Reached * piety under Vehumet
111694 | Depths:4 | Offered knowledge of Foxfire by Vehumet.
112224 | Depths:4 | Found a gate to the Realm of Zot.
112477 | Depths:4 | Noticed Frederick
112483 | Depths:4 | Killed Frederick
113113 | Depths:4 | Learned a level 8 spell: Lehudib's Crystal Spear
113655 | Tomb:1   | Entered Level 1 of the Tomb of the Ancients
113740 | Tomb:1   | Reached ** piety under Vehumet
113740 | Tomb:1   | Offered knowledge of Scorch by Vehumet.
114994 | Tomb:1   | Reached XP level 25. HP: 165/165 MP: 39/52
115010 | Tomb:1   | Offered knowledge of Inner Flame by Vehumet.
115170 | Tomb:1   | Noticed a royal mummy
115176 | Tomb:1   | Killed a royal mummy
116241 | Depths:3 | Reached *** piety under Vehumet
116309 | Depths:3 | Voluntarily entered the Abyss.
116640 | Abyss:1  | Offered knowledge of Olgreb's Toxic Radiance by Vehumet.
116749 | Abyss:1  | Found a corrupted altar of Lugonu.
116969 | Abyss:1  | Reached **** piety under Vehumet
117010 | Abyss:1  | Found a corrupted altar of Lugonu.
117183 | Abyss:1  | Offered knowledge of Yara's Violent Unravelling by Vehumet.
117459 | Abyss:2  | Found a corrupted altar of Lugonu.
117970 | Abyss:2  | Reached ***** piety under Vehumet
118017 | Abyss:2  | Offered knowledge of Lightning Bolt by Vehumet.
118151 | Abyss:2  | Lost strength.
118377 | Abyss:2  | Reached skill level 24 in Spellcasting
118847 | Abyss:2  | Learned a level 9 spell: Shatter
118918 | Abyss:2  | Reached skill level 15 in Ice Magic
119074 | Depths:3 | Escaped the Abyss
119514 | Vaults:5 | Entered Level 5 of the Vaults
119516 | Vaults:5 | Offered knowledge of Flame Wave by Vehumet.
119539 | Vaults:5 | Noticed Sojobo
119548 | Vaults:5 | Killed Sojobo
119554 | Vaults:4 | HP: 2/167 [something (11)]
119554 | Vaults:4 | Killed from afar by a quicksilver dragon

Illustrated notes

Levels and vault maps discovered:
D:1:      minmay_arrival_shoal_huts, layout_loops_ring,
          dreamdust_ecumenical_altar_drowned_temple
D:2:      layout_rooms
D:3:      layout_rooms, uniq_ijyb, uniq_grinder
D:4:      layout_loops_ring, chequers_temple_overflow_statue_of_worship,
          serial_glass, glass_columns_a, glass_columns_a,
          dilly_guarded_unrand_morg, uniq_edmund
D:5:      kennysheep_windowed_halls, layout_basic, mainiacjoe_overflow_24_doors,
          mainiacjoe_overflow_paths, nicolae_qazlal_general_emergency,
          gup_sewer_entry_bowl, chequers_serial_rivers_marsh,
          uniq_crazy_yiuf_cottage
D:6:      nicolae_cairo_tiling, layout_loops_ring, minmay_temple_entry_hall
D:7:      layout_rooms, enter_bailey_5
D:8:      layout_loops_ring
D:9:      layout_basic, zin_statuary, serial_shops, shop_fountains
D:10:     layout_stronghold, jmf_multi_god_temple2,
          mainiacjoe_overflow_brackets, erik_lair_island, gammafunk_ghost_split
D:11:     layout_roguey
D:12:     layout_roguey, serial_undead, serial_undead_d, serial_undead_d,
          serial_undead_d, serial_undead_a, serial_undead_d, serial_undead_a,
          ebering_ghost_funeral_grove, uniq_frances, uniq_nergalle
D:13:     layout_rooms
D:14:     layout_roguey, grunt_vaults_entry_fortified,
          nicolae_elyvilon_peaceful_grove, serial_shops, nicolae_stop_n_shop_2,
          chequers_garden, kennysheep_another_room, dk_noncrumbling_3,
          nicolae_shop_i_like_big_books
D:15:     grunt_enter_depths_snipers, layout_small_grid, serial_park_square1
          [serial_park_minivault_5x5_4], minmay_bent
Temple:   pdpol_scorched_temple
Lair:1:   layout_gridlike, serial_bayou_shore_a, infiniplex_staircase_pool,
          uniq_amaemon
Lair:2:   layout_cave_shapes, uniq_sonja
Lair:3:   layout_roguey, serial_forest, infiniplex_forest_zigzag_1,
          infiniplex_forest_corner_1, infiniplex_forest_clump_large,
          infiniplex_forest_lined_2, infiniplex_forest_clump_double,
          infiniplex_forest_lined_3, infiniplex_forest_lined_2,
          infiniplex_forest_3_way, infiniplex_forest_pool,
          infiniplex_forest_straight_2, uniq_fannar, uniq_snorg
Lair:4:   layout_gridlike, minmay_swamp_entry_reptiles, dummy_spider_entry
Lair:5:   layout_cellular_growth, minmay_slime_entry_pillars, basic_altar,
          st_stairs_4, nicolae_lair_lindhole
Lair:6:   evilmike_catoblepas_cave, layout_small_grid
Swamp:1:  layout_falls_marsh, evilmike_swamp_ruin_house_1
Swamp:2:  layout_basic_swamp, gammafunk_ghost_cemetery, nicolae_swamp_big_swirl
Swamp:3:  nzn_winding_woodlands_three_and_one [nzn_winding_woodlands_5x15_eye,
          nzn_winding_woodlands_5x15_crooked, nzn_winding_woodlands_5x15_parted,
          nzn_winding_woodlands_center_garden], layout_basic_swamp,
          nicolae_swamp_treefoil, infiniplex_staircase_pool_2
Swamp:4:  swamp_alternative, layout_basic_swamp, uniq_bai_suzhen
Spider:1: layout_spider_delve, nicolae_spider_webbed_stairs
Spider:2: layout_chambers, drop_trap
Spider:3: layout_cave_pods, portal_ice_cave_entry_dragon
Spider:4: grunt_spider_rune_parallel, nicolae_spider_shape
Slime:1:  layout_caves
Slime:2:  layout_caves
Slime:3:  layout_caves
Slime:4:  layout_caves
Orc:1:    layout_diamond_mine, basic_altar, gammafunk_ghost_wrathful_warriors
Orc:2:    st_orc_congregation, layout_diamond_mine, serial_shops,
          nicolae_shop_overgrown_old_shop
Elf:1:    layout_loops_corners, mu_enter_wizlab_5, minmay_elf_annihilation
Elf:2:    nicolae_elf_blades_splatter_lattice [nicolae_blade_tridents],
          layout_geoelf_octagon, serial_shops, shop, shop, due_unseen_surprise
Elf:3:    elf_hall_gauntlet_narrow, layout_gridlike, serial_shops,
          bzr_entry_road, einodemon_crawler_minivault
Vaults:1: hangedman_vaults_corner, ontoclasm_vaults_shout, v_rooms_3, v_misc_16,
          v_misc_5, grunt_vaults_hallway_long, vaults_dpeg_encased_lava,
          v_misc_24, nicolae_vaults_little_squares_4, vaults_mumra_minichess,
          hangedman_vaults_locks, v_misc_28, layout_vaults_maze_bifur,
          uniq_aizul
Vaults:2: hangedman_vaults_slice, hangedman_vaults_snaps,
          minmay_guarded_unrand_guard_vaults, nicolae_vaults_what_the_h,
          v_rooms_1, v_misc_26, ontoclasm_vaults_chip,
          nicolae_vaults_bisected_slash, vaults_room_grid,
          nicolae_vaults_little_squares_3, layout_vaults_ring
Vaults:3: v_misc_8, serial_ice_g, v_misc_16, hangedman_vaults_river_flow,
          v_misc_17, vaults_room_door_ring, ontoclasm_vaults_ligature,
          minmay_crypt_entry_necro_gods, nicolae_vaults_asterisk,
          nicolae_vaults_angled_halls, layout_vaults_quadrants
Vaults:4: hellmonk_ghost_big_iron, v_rooms_5, ontoclasm_vaults_chip,
          nicolae_vaults_circle_grid_b, hangedman_vaults_pinch, v_alt_pattern_3,
          dpeg_vaults_monster_box, hangedman_vaults_slice,
          layout_vaults_chaotic_city
Vaults:5: uniq_sojobo
Crypt:1:  layout_misc_corridors, basic_altar, minivault_26, library_closet,
          grunt_crypt_arrival_webbed
Crypt:2:  layout_regular_city, lemuel_freeze_loot_1, grunt_megastairs_3,
          roderic_lattice_octagonal_star
Crypt:3:  quadcrypt_mu, uniq_khufu
Tomb:1
Depths:1: layout_honeycomb, enter_ziggurat_e, xom_redecorated,
          rand_demon_pan_entry_5, hell_entry, hallowed_hall
Depths:2: hangedman_box_tower, layout_gridlike, pan_entry, grunt_mini_vestibule,
          infiniplex_staircase_diamond
Depths:3: minmay_coctagon, layout_gridlike, okawaru_ov_weapons_minmay,
          hangedman_abyss_entry_splay, hell_entry,
          hangedman_abyss_or_decor_slice, kennysheep_crisscross,
          item_on_display_a
Depths:4: evilmike_zot_entry_diamond, layout_gridlike, hangedman_decor_points,
          hell_entry, abyss_entry, kiku_gazebo_pond_becter, grunt_megastairs_4,
          uniq_frederick

Skill      XL: |  1  2  3  4  5  6  7  8  9 10 11 12 13 14 15 16 17 18 19 20 21 22 23 24 25 |
---------------+----------------------------------------------------------------------------+-----
Stealth        | 3 4 |  4.0
Dodging        | 3 4 5 6 7 8 9 11 12 13 14 15 | 15.0
Fighting       | 1 2 3 4 5 6 7 8 9 10 11 12 13 | 13.8
Spellcasting   | 4 5 7 8 9 10 11 12 14 15 16 17 18 19 20 21 22 23 24 | 24.3
Conjurations   | 5 6 7 8 9 10 11 12 13 14 15 16 17 18 19 | 19.2
Hexes          | 1 2 3 4 5 6 8 9 10 | 10.0
Earth Magic    | 1 2 3 4 5 7 8 10 11 13 14 15 16 18 19 | 19.8
Necromancy     | 2 4 5 7 9 10 12 13 14 16 18 19 20 | 20.0
Translocations | 2 4 5 |  5.0
Armour         | 2 4 5 |  5.0
Evocations     | 2 4 6 |  6.0
Transmutations | 4 8 11 13 15 16 17 18 | 18.0
Ice Magic      | 2 5 7 9 12 14 15 | 15.3
Air Magic      | 2 5 |  5.0
Shields        | 2 5 8 10 12 13 | 13.0

Action                   |  1- 3 |  4- 6 |  7- 9 | 10-12 | 13-15 | 16-18 | 19-21 | 22-24 | 25-27 || total
-------------------------+-------+-------+-------+-------+-------+-------+-------+-------+-------++-------
Melee: Whip              |     6 |       |       |       |     2 |       |       |       |       ||     8
       Hand axe          |       |     2 |       |       |       |       |       |    34 |    81 ||   117
       Dagger            |       |       |    26 |    40 |    96 |   220 |   501 |   160 |       ||  1043
       Punch             |       |       |     1 |     1 |       |       |       |       |       ||     2
       Long sword        |       |       |       |       |       |     2 |    10 |       |       ||    12
 Fire: Sling             |       |     1 |       |       |       |       |       |       |       ||     1
Throw: Dart              |       |       |       |     1 |       |     6 |     4 |     3 |       ||    14
 Cast: Magic Dart        |    71 |    70 |    85 |    54 |    15 |    22 |       |       |       ||   317
       Searing Ray       |     8 |    11 |    30 |    37 |     4 |     1 |    51 |    13 |     7 ||   162
       Stone Arrow       |       |    13 |    30 |   170 |   383 |   137 |       |       |       ||   733
       Fulminant Prism   |       |     2 |    33 |    73 |   135 |     1 |     7 |     2 |       ||   253
       Apportation       |       |       |       |     4 |     9 |    10 |     2 |     1 |       ||    26
       Iskenderun's Myst |       |       |       |     4 |    16 |    14 |     5 |    19 |     8 ||    66
       Borgnjor's Vile C |       |       |       |     2 |    30 |   391 |   317 |   341 |   108 ||  1189
       Vampiric Draining |       |       |       |     1 |    47 |    50 |    17 |       |       ||   115
       Animate Dead      |       |       |       |       |     2 |       |       |       |       ||     2
       Dispel Undead     |       |       |       |       |    62 |    40 |    19 |   247 |    32 ||   400
       Sublimation of Bl |       |       |       |       |    14 |    16 |     9 |       |       ||    39
       Passwall          |       |       |       |       |     2 |       |     1 |     3 |       ||     6
       Blink             |       |       |       |       |     2 |     7 |       |       |     1 ||    10
       Freezing Cloud    |       |       |       |       |     3 |    78 |    62 |    23 |     4 ||   170
       Iron Shot         |       |       |       |       |       |    87 |   193 |   228 |    35 ||   543
       Necromutation     |       |       |       |       |       |       |   248 |   327 |    91 ||   666
       Ozocubu's Armour  |       |       |       |       |       |       |     1 |       |       ||     1
       Lehudib's Crystal |       |       |       |       |       |       |       |     8 |    91 ||    99
       Shatter           |       |       |       |       |       |       |       |       |    12 ||    12
Invok: Unearth Wretches  |       |       |       |     1 |     4 |       |       |       |       ||     5
       Receive Forbidden |       |       |       |       |     1 |       |       |       |       ||     1
       Torment           |       |       |       |       |       |       |     6 |       |       ||     6
 Abil: End Transformatio |       |       |       |       |       |       |       |     1 |     1 ||     2
Evoke: Wand              |       |       |     2 |     2 |     7 |    17 |     1 |       |       ||    29
  Use: Scroll            |       |       |     3 |    29 |     6 |     2 |     3 |     2 |     1 ||    46
       Potion            |       |       |       |       |     1 |       |     4 |       |     2 ||     7
 Stab: Paralysed         |       |       |       |     1 |     2 |       |       |       |       ||     3
       Sleeping          |       |       |       |       |       |     1 |     6 |     1 |       ||     8
Armor: Robe              |     5 |     1 |     2 |       |       |       |       |       |       ||     8
       Leather armour    |       |       |     3 |    26 |       |       |       |       |       ||    29
       Steam dragon scal |       |       |       |    40 |   214 |   199 |   179 |   161 |    71 ||   864
Dodge: Dodged            |    10 |    13 |    33 |   123 |   422 |   445 |   588 |   575 |   185 ||  2394
       Repelled          |       |       |       |       |       |       |     8 |       |       ||     8
Block: Buckler           |       |       |       |       |       |   174 |   322 |   190 |    69 ||   755
       Reflection        |       |       |       |       |       |    43 |    18 |       |       ||    61

Table legend: (Time is in decaauts)
 A = Elapsed time spent in this place.
 B = Non-inter-level travel time spent in this place.
 C = Inter-level travel time spent in this place.
 D = Time resting spent in this place.
 E = Time spent auto-exploring this place.
 F = Levels seen in this place.
 G = Mean time per level.
                   A        B        C        D        E       F      G
               +--------+--------+--------+--------+--------+-----+--------+
         Total | 120957 | 107313 |  13644 |  34567 |  40948 |  59 | 2050.1 |
       Dungeon |  26871 |  21587 |   5284 |   6739 |   9482 |  15 | 1791.4 |
        Temple |    209 |    172 |     37 |    113 |     37 |   1 |  209.0 |
          Lair |  13480 |  11931 |   1549 |   4491 |   4933 |   6 | 2246.7 |
         Swamp |   9760 |   8782 |    978 |   3637 |   3102 |   4 | 2440.0 |
   Spider Nest |  11486 |  10082 |   1404 |   4538 |   3449 |   4 | 2871.5 |
    Slime Pits |   2703 |   2597 |    106 |    481 |   1495 |   4 |  675.8 |
  Orcish Mines |   4415 |   4091 |    324 |   1229 |    833 |   2 | 2207.5 |
   Elven Halls |   9550 |   8870 |    680 |   3048 |   2548 |   3 | 3183.3 |
        Vaults |  12095 |  10884 |   1211 |   2690 |   4703 |   5 | 2419.0 |
         Crypt |   7223 |   6440 |    783 |    982 |   3499 |   3 | 2407.7 |
          Tomb |   1767 |   1515 |    252 |    134 |      0 |   1 | 1767.0 |
        Depths |  10760 |   9727 |   1033 |   2051 |   5264 |   4 | 2690.0 |
         Abyss |   2886 |   2886 |      0 |   1024 |     13 |   2 | 1443.0 |
        Bazaar |     87 |     87 |      0 |      0 |     56 |   1 |   87.0 |
         Sewer |   1022 |   1022 |      0 |    346 |    311 |   1 | 1022.0 |
        Bailey |    923 |    923 |      0 |    532 |     65 |   1 |  923.0 |
      Ice Cave |   1352 |   1352 |      0 |    893 |      0 |   1 | 1352.0 |
        Wizlab |   4359 |   4359 |      0 |   1638 |   1156 |   1 | 4359.0 |
               +--------+--------+--------+--------+--------+-----+--------+

Top non-repeatable levels by time:
Spider:3: 4532 daAuts
  WizLab: 4359 daAuts
Vaults:1: 4154 daAuts
   Elf:2: 3770 daAuts
Depths:2: 3730 daAuts
 Crypt:3: 3654 daAuts
    D:14: 3592 daAuts
   Elf:3: 3289 daAuts
  Lair:6: 3238 daAuts
Vaults:2: 3187 daAuts
   Orc:2: 3071 daAuts
    D:10: 3051 daAuts
 Swamp:2: 3022 daAuts
 Swamp:3: 2993 daAuts
Spider:2: 2992 daAuts
